Flyers vs Rangers

Created - 15 décembre 2017 at 22:26

Goals
1 2 3 OT1 SO T
Flyers 0 1 2 0 0 3
Rangers 0 1 2 0 1 4
Shots
1 2 3 OT1 SO T
Flyers 7 12 7 0 3 26
Rangers 18 8 6 1 2 33

1st period

No Goal

Penalties :
Damon Severson (PHI) for Roughing (Minor) at 19:25

2nd period

1. Flyers , Joel Ward 4 (Ryan Ellis 18) at 2:32
2. Rangers , Conor Sheary 14 (Connor McDavid 21, Anthony Mantha 10) at 17:23

Penalties :
Brandon Pirri (NYR) for High sticking (Minor) at 4:19, Scott Hartnell (PHI) for Slashing (Minor) at 7:17

3rd period

3. Rangers , Craig Smith 7 (Brandon Pirri 3, Benoit Pouliot 4) at 2:33
4. Flyers , Andrew MacDonald 4 (Ryan White 4, Kyle Brodziak 6) at 16:58
5. Flyers , Thomas Vanek 7 (Ryan Ellis 19, Scott Hartnell 10) at 18:22
6. Rangers , James Neal 6 (Ondrej Palat 8, Phillip Danault 11) at 19:00 (PP)

Penalties :
Ryan White (PHI) for Elbowing (Minor) at 7:17, Ben Hutton (PHI) for Roughing (Minor) at 18:27

Overtime #1

No Goal

Penalties :
No Penalty

Shootout

Penalty Shot by Bo Horvat for Flyers - Stopped by Brian Elliott
Penalty Shot by Anthony Mantha for Rangers - Goal!
Penalty Shot by Thomas Vanek for Flyers - Stopped by Brian Elliott
Penalty Shot by Phillip Danault for Rangers - Shot Misses the Net
Penalty Shot by Scott Hartnell for Flyers - Stopped by Brian Elliott

Penalties :
No Penalty

Goalie Stats

Steve Mason (PHI), 30 saves from 33 shots - (0.909), OTL, 13-15-3, 65:00 minutes
Brian Elliott (NYR), 23 saves from 26 shots - (0.885), W, 9-12-2, 64:46 minutes

Players Stats for Flyers

Player Name              G  A  P  +/- PIM S  H  SB GA TA FO     MP     PP MP  PK MP  
------------------------------------------------------------------------------------
Alexander Killorn        0  0  0   1  0   1  1  0  0  0  7/22   17:55   0:00   1:53 
Andre Burakovsky         0  0  0   1  0   4  3  0  0  0  0/1    18:29   1:10   0:57 
Andrew MacDonald         1  0  1   0  0   2  1  1  0  0  0/0    22:26   0:00   3:11 
Ben Hutton               0  0  0  -1  2   0  1  2  0  0  0/0    17:31   0:00   2:43 
Bo Horvat                0  0  0   1  0   4  1  0  0  0  12/23  19:32   0:49   0:00 
Calle Jarnkrok           0  0  0  -2  0   1  0  0  0  0  1/1    13:10   1:10   0:00 
Casey Cizikas            0  0  0  -2  0   1  4  0  0  0  4/17   15:29   0:00   3:46 
Damon Severson           0  0  0   0  2   0  1  0  0  0  0/0    23:02   0:49   0:45 
Joel Ward                1  0  1   1  0   3  2  0  0  0  1/1    18:50   1:10   1:38 
Jonathan Ericsson        0  0  0   2  0   0  2  2  0  0  0/0    21:25   1:10   2:34 
Kyle Brodziak            0  1  1   1  0   1  0  0  0  0  4/7    11:29   0:00   3:08 
Riley Sheahan            0  0  0   1  0   1  0  0  0  0  6/7     9:56   0:00   1:38 
Ryan Ellis               0  2  2   2  0   0  0  2  0  0  0/0    23:11   0:49   3:47 
Ryan White               0  1  1   1  2   1  1  0  0  0  0/0     8:17   0:00   0:00 
Scott Hartnell           0  1  1   1  2   1  2  0  0  0  0/1    19:07   0:49   0:00 
Shawn Matthias           0  0  0  -2  0   1  3  0  0  0  1/1    11:43   0:00   0:00 
Thomas Vanek             1  0  1   1  0   5  1  0  0  0  0/1    19:31   0:49   0:00 
Troy Stecher             0  0  0  -1  0   0  0  2  0  0  0/0    17:23   1:10   0:00 

Players Stats for Rangers

Player Name              G  A  P  +/- PIM S  H  SB GA TA FO     MP     PP MP  PK MP  
------------------------------------------------------------------------------------
Alex Goligoski           0  0  0  -1  0   0  0  0  0  0  0/0    26:32   2:03   0:57 
Alexei Emelin            0  0  0   2  0   0  5  1  0  0  0/0    19:58   0:34   0:57 
Anthony Mantha           0  1  1   0  0   0  0  0  0  0  0/0    21:58   2:57   0:00 
Benoit Pouliot           0  1  1   1  0   1  0  0  0  0  0/0    10:17   0:03   0:11 
Brandon Pirri            0  1  1   1  2   0  1  0  0  0  9/13    9:26   0:34   0:00 
Cedric Paquette          0  0  0  -1  0   3  0  0  0  0  0/1    11:57   0:00   0:00 
Connor McDavid           0  1  1   0  0   3  0  0  0  0  10/27  24:02   2:54   0:58 
Conor Sheary             1  0  1   0  0   4  1  0  0  0  0/0    21:18   2:57   0:00 
Craig Smith              1  0  1   1  0   2  1  0  0  0  0/0     8:53   0:00   0:00 
James Neal               1  0  1  -1  0   6  1  0  0  0  1/3    18:15   3:33   0:00 
Jamie McGinn             0  0  0  -1  0   3  0  0  0  0  0/0    11:57   0:00   0:00 
Matt Niskanen            0  0  0  -2  0   2  2  1  0  0  0/0    26:57   3:50   1:02 
Michael Del Zotto        0  0  0  -2  0   2  1  1  0  0  0/0    19:43   2:06   0:00 
Nick Bonino              0  0  0  -1  0   1  2  0  0  0  10/14  14:01   0:03   1:01 
Nick Schultz             0  0  0   0  0   0  0  1  0  0  0/0     2:01   0:00   0:00 
Oliver Ekman-Larsson     0  0  0   1  0   3  1  0  0  0  0/0    28:03   4:24   1:02 
Ondrej Palat             0  1  1  -1  0   2  1  0  0  0  0/1    18:23   3:33   1:08 
Phillip Danault          0  1  1  -1  0   1  0  0  0  0  16/23  19:19   2:59   0:40 

3 Stars

1 - Ryan Ellis (PHI)
2 - Joel Ward (PHI)
3 - Thomas Vanek (PHI)

Power Play

Flyers - 0 on 1 Attempt(s) - 0.00%
Rangers - 1 on 4 Attempt(s) - 25.00%

Penalty Kill

Flyers - 3 on 4 Attempt(s) - 75.00% - Score 0 goal in Penalty Kill
Rangers - 1 on 1 Attempt(s) - 100.00% - Score 0 goal in Penalty Kill

Team Stat

Flyers - Hits : 23 - Faceoff Wins : 36 - Blocked Shots : 9 - Penalty Minutes : 8
Rangers - Hits : 16 - Faceoff Wins : 46 - Blocked Shots : 4 - Penalty Minutes : 2

Official

Referees : Dave Jackson and Tom Chmielewski
Linesman : Steve Miller and Andy McElman

Game Notes

Nick Schultz is injured at 8:18 of 1st period (Right Hand)

Finance

Level 1 -- Attendance: 4542 (69.88%) -- Ticket Income 567 750 $
Level 2 -- Attendance: 4597 (91.94%) -- Ticket Income 344 775 $
Level 3 -- Attendance: 3023 (86.37%) -- Ticket Income 151 150 $
Level 4 -- Attendance: 2006 (100.00%) -- Ticket Income 50 150 $
Luxury Box -- Attendance: 692 (69.20%) -- Ticket Income 173 000 $
Game was played at the Madison Square Garden.
Total Attendance: 14860 (82.53%)
Total Ticket Income: 1 286 825 $
Other Income: 193 024 $
Total Income: 1 479 849 $

% Time on Ice - Flyers

Lines # - Real PCT - Wanted PCT - Time Play
Normal Forward
1 - 32% - 35% - 16:36
2 - 29% - 30% - 14:54
3 - 23% - 23% - 11:43
4 - 16% - 12% - 8:18
Normal Defense
1 - 33% - 42% - 16:52
2 - 37% - 34% - 19:00
3 - 29% - 24% - 15:05
4 - 1% - 0% - 0:34
PP Forward
1 - 41% - 60% - 0:49
2 - 59% - 40% - 1:10
PP Defense
1 - 41% - 60% - 0:49
2 - 59% - 40% - 1:10
PK Forward
1 - 75% - 60% - 4:52
2 - 25% - 40% - 1:38
PK Defense
1 - 39% - 50% - 2:34
2 - 61% - 50% - 3:56
PK3 Forward
1 - 0% - 60%
2 - 0% - 40%
PK3 Defense
1 - 0% - 60%
2 - 0% - 40%
44 Forward
1 - 0% - 60%
2 - 0% - 40%
44 Defense
1 - 0% - 60%
2 - 0% - 40%
Last Minute Offensive  - 0:00
Last Minute Defensive  - 0:00
Total
Forward - 60:00
Defense - 60:00

% Time on Ice - Rangers

Lines # - Real PCT - Wanted PCT - Time Play
Normal Forward
1 - 33% - 38% - 16:59
2 - 27% - 32% - 13:42
3 - 23% - 20% - 11:57
4 - 17% - 10% - 8:53
Normal Defense
1 - 26% - 39% - 13:21
2 - 24% - 36% - 12:17
3 - 41% - 25% - 20:56
4 - 10% - 0% - 4:57
PP Forward
1 - 45% - 65% - 2:57
2 - 55% - 35% - 3:33
PP Defense
1 - 68% - 65% - 4:24
2 - 32% - 35% - 2:06
PK Forward
1 - 66% - 55% - 1:19
2 - 34% - 45% - 0:40
PK Defense
1 - 52% - 60% - 1:02
2 - 48% - 40% - 0:57
PK3 Forward
1 - 0% - 55%
2 - 0% - 45%
PK3 Defense
1 - 0% - 65%
2 - 0% - 35%
44 Forward
1 - 0% - 51%
2 - 0% - 49%
44 Defense
1 - 0% - 55%
2 - 0% - 45%
Last Minute Offensive  - 0:00
Last Minute Defensive  - 0:00
Total
Forward - 60:00
Defense - 60:00

Play by Play

1st period


0:01 of 1st period - Bo Horvat wins face-off versus Connor McDavid in neutral zone.
0:56 of 1st period - Shot by Phillip Danault.
0:56 of 1st period - Shot Blocked by Ryan Ellis.
1:08 of 1st period - Shot by Ondrej Palat.
1:08 of 1st period - Stopped by Steve Mason without a rebound.
1:09 of 1st period - Nick Bonino wins face-off versus Alexander Killorn in Flyers zone.
1:10 of 1st period - Shot by Jamie McGinn.
1:10 of 1st period - Stopped by Steve Mason without a rebound.
1:11 of 1st period - Nick Bonino wins face-off versus Alexander Killorn in Flyers zone.
1:34 of 1st period - Shot by Joel Ward.
1:34 of 1st period - Shot Misses the Net.
1:36 of 1st period - Shot by Andrew MacDonald.
1:36 of 1st period - Stopped by Brian Elliott without a rebound.
1:37 of 1st period - Brandon Pirri wins face-off versus Casey Cizikas in Rangers zone.
1:39 of 1st period - Michael Del Zotto is hit by Casey Cizikas and loses puck.
1:44 of 1st period - Michael Del Zotto is hit by Shawn Matthias and loses puck.
2:39 of 1st period - Ondrej Palat is hit by Ryan White and loses puck.
2:56 of 1st period - Shot by Phillip Danault.
2:56 of 1st period - Shot Misses the Net.
2:58 of 1st period - Shot by Oliver Ekman-Larsson.
2:58 of 1st period - Stopped by Steve Mason with a rebound.
3:02 of 1st period - Shot by James Neal.
3:02 of 1st period - Stopped by Steve Mason without a rebound.
3:03 of 1st period - Connor McDavid wins face-off versus Andre Burakovsky in Flyers zone.
3:11 of 1st period - Joel Ward is hit by Alexei Emelin.
3:25 of 1st period - Shot by Conor Sheary.
3:25 of 1st period - Stopped by Steve Mason without a rebound.
3:26 of 1st period - Nick Bonino wins face-off versus Bo Horvat in Flyers zone.
4:21 of 1st period - Alex Goligoski is hit by Andre Burakovsky and loses puck.
4:35 of 1st period - Off-side.
4:36 of 1st period - Casey Cizikas wins face-off versus Connor McDavid in neutral zone.
4:59 of 1st period - Off-side.
5:00 of 1st period - Brandon Pirri wins face-off versus Alexander Killorn in neutral zone.
5:05 of 1st period - Shot by Oliver Ekman-Larsson.
5:05 of 1st period - Shot Misses the Net.
5:28 of 1st period - Off-side.
5:29 of 1st period - Riley Sheahan wins face-off versus Connor McDavid in neutral zone.
5:44 of 1st period - Icing by Alex Goligoski.
5:45 of 1st period - Connor McDavid wins face-off versus Casey Cizikas in Rangers zone.
5:59 of 1st period - Icing by Michael Del Zotto.
6:00 of 1st period - Alexander Killorn wins face-off versus Connor McDavid in Rangers zone.
6:39 of 1st period - Shot by James Neal.
6:39 of 1st period - Stopped by Steve Mason with a rebound.
6:41 of 1st period - Shot by James Neal.
6:41 of 1st period - Stopped by Steve Mason without a rebound.
6:42 of 1st period - Nick Bonino wins face-off versus Bo Horvat in Flyers zone.
6:58 of 1st period - Icing by Damon Severson.
6:59 of 1st period - Phillip Danault wins face-off versus Bo Horvat in Flyers zone.
7:04 of 1st period - Shot by Ondrej Palat.
7:04 of 1st period - Shot Misses the Net.
7:06 of 1st period - Shot by James Neal.
7:06 of 1st period - Stopped by Steve Mason without a rebound.
7:07 of 1st period - Phillip Danault wins face-off versus Casey Cizikas in Flyers zone.
7:07 of 1st period - Phillip Danault is hit by Ben Hutton.
7:11 of 1st period - Shot by James Neal.
7:11 of 1st period - Shot Hit the Post.
7:13 of 1st period - Shot by Matt Niskanen.
7:13 of 1st period - Shot Blocked by Troy Stecher.
8:08 of 1st period - Shot by Bo Horvat.
8:08 of 1st period - Shot Misses the Net.
8:18 of 1st period - Shot by Bo Horvat.
8:18 of 1st period - Shot Blocked by Nick Schultz.
8:18 of 1st period - Nick Schultz from Rangers is injured at 8:18 of 1st period (Right Hand).
8:19 of 1st period - Nick Bonino wins face-off versus Alexander Killorn in Rangers zone.
8:29 of 1st period - Shot by Jamie McGinn.
8:29 of 1st period - Shot Blocked by Jonathan Ericsson.
8:35 of 1st period - Shot by Jamie McGinn.
8:35 of 1st period - Stopped by Steve Mason without a rebound.
8:36 of 1st period - Bo Horvat wins face-off versus Brandon Pirri in Flyers zone.
8:36 of 1st period - Bo Horvat is hit by Craig Smith.
8:44 of 1st period - Shot by Benoit Pouliot.
8:44 of 1st period - Shot Misses the Net.
9:01 of 1st period - Shot by Scott Hartnell.
9:01 of 1st period - Deflect By Bo Horvat.
9:01 of 1st period - Stopped by Brian Elliott without a rebound.
9:02 of 1st period - Alexander Killorn wins face-off versus Connor McDavid in Rangers zone.
10:02 of 1st period - Off-side.
10:03 of 1st period - Bo Horvat wins face-off versus Nick Bonino in neutral zone.
10:08 of 1st period - Shot by Bo Horvat.
10:08 of 1st period - Stopped by Brian Elliott without a rebound.
10:09 of 1st period - Bo Horvat wins face-off versus Phillip Danault in Rangers zone.
10:12 of 1st period - Shot by Thomas Vanek.
10:12 of 1st period - Stopped by Brian Elliott without a rebound.
10:13 of 1st period - Phillip Danault wins face-off versus Scott Hartnell in Rangers zone.
10:18 of 1st period - Shot by James Neal.
10:18 of 1st period - Stopped by Steve Mason without a rebound.
10:19 of 1st period - Bo Horvat wins face-off versus Phillip Danault in Flyers zone.
10:28 of 1st period - Michael Del Zotto is hit by Thomas Vanek and loses puck.
10:45 of 1st period - Shot by Phillip Danault.
10:45 of 1st period - Stopped by Steve Mason with a rebound.
10:51 of 1st period - Shot by Alex Goligoski.
10:51 of 1st period - Shot Misses the Net.
11:02 of 1st period - Icing by Scott Hartnell.
11:03 of 1st period - Connor McDavid wins face-off versus Bo Horvat in Flyers zone.
11:04 of 1st period - Shot by Conor Sheary.
11:04 of 1st period - Shot Misses the Net.
11:21 of 1st period - Shot by Connor McDavid.
11:21 of 1st period - Stopped by Steve Mason without a rebound.
11:22 of 1st period - Shawn Matthias wins face-off versus Nick Bonino in Flyers zone.
12:41 of 1st period - Off-side.
12:42 of 1st period - Alexander Killorn wins face-off versus James Neal in neutral zone.
12:49 of 1st period - Shot by Joel Ward.
12:49 of 1st period - Shot Misses the Net.
13:21 of 1st period - Icing by Phillip Danault.
13:22 of 1st period - Bo Horvat wins face-off versus Phillip Danault in Rangers zone.
13:25 of 1st period - Shot by Scott Hartnell.
13:25 of 1st period - Shot Blocked by Michael Del Zotto.
14:11 of 1st period - Shot by Cedric Paquette.
14:11 of 1st period - Shot Blocked by Ben Hutton.
14:27 of 1st period - Shot by Conor Sheary.
14:27 of 1st period - Shot Blocked by Ben Hutton.
14:33 of 1st period - Shot by Oliver Ekman-Larsson.
14:33 of 1st period - Stopped by Steve Mason with a rebound.
14:35 of 1st period - Shot by Matt Niskanen.
14:35 of 1st period - Stopped by Steve Mason with a rebound.
14:45 of 1st period - Shot by Conor Sheary.
14:45 of 1st period - Stopped by Steve Mason without a rebound.
14:46 of 1st period - Brandon Pirri wins face-off versus Casey Cizikas in Flyers zone.
15:01 of 1st period - Shot by Calle Jarnkrok.
15:01 of 1st period - Shot Misses the Net.
15:03 of 1st period - Shot by Calle Jarnkrok.
15:03 of 1st period - Stopped by Brian Elliott without a rebound.
15:04 of 1st period - Alexander Killorn wins face-off versus Ondrej Palat in Rangers zone.
15:22 of 1st period - Joel Ward is hit by Alexei Emelin and loses puck.
15:28 of 1st period - Joel Ward is hit by Alexei Emelin and loses puck.
15:36 of 1st period - Shot by Joel Ward.
15:36 of 1st period - Shot Blocked by Alexei Emelin.
15:38 of 1st period - Shot by Andre Burakovsky.
15:38 of 1st period - Stopped by Brian Elliott without a rebound.
15:39 of 1st period - Casey Cizikas wins face-off versus Connor McDavid in Rangers zone.
16:43 of 1st period - Shot by Jamie McGinn.
16:43 of 1st period - Shot Blocked by Jonathan Ericsson.
16:52 of 1st period - Shot by Nick Bonino.
16:52 of 1st period - Shot Misses the Net.
16:54 of 1st period - Shot by Jamie McGinn.
16:54 of 1st period - Stopped by Steve Mason without a rebound.
16:55 of 1st period - Riley Sheahan wins face-off versus James Neal in Flyers zone.
16:55 of 1st period - Riley Sheahan is hit by Ondrej Palat.
17:41 of 1st period - Shot by Brandon Pirri.
17:41 of 1st period - Shot Misses the Net.
17:43 of 1st period - Shot by Oliver Ekman-Larsson.
17:43 of 1st period - Shot Misses the Net.
17:59 of 1st period - Shot by Andre Burakovsky.
17:59 of 1st period - Stopped by Brian Elliott without a rebound.
18:00 of 1st period - Connor McDavid wins face-off versus Alexander Killorn in Rangers zone.
18:00 of 1st period - Connor McDavid is hit by Joel Ward.
18:55 of 1st period - Shot by Nick Bonino.
18:55 of 1st period - Stopped by Steve Mason with a rebound.
18:57 of 1st period - Shot by Alex Goligoski.
18:57 of 1st period - Shot Misses the Net.
18:59 of 1st period - Shot by Alex Goligoski.
18:59 of 1st period - Deflect By Cedric Paquette.
18:59 of 1st period - Stopped by Steve Mason without a rebound.
19:00 of 1st period - Phillip Danault wins face-off versus Bo Horvat in Flyers zone.
19:00 of 1st period - Phillip Danault is hit by Andrew MacDonald.
19:20 of 1st period - Shot by Ondrej Palat.
19:20 of 1st period - Shot Misses the Net.
19:25 of 1st period - Minor Penalty to Damon Severson for Roughing.
19:26 of 1st period - Kyle Brodziak wins face-off versus Connor McDavid in Flyers zone.
Goals for this period are 0 for Flyers vs 0 for Rangers.
Shots for this period are 7 for Flyers vs 18 for Rangers.

2nd period


0:01 of 2nd period - Kyle Brodziak wins face-off versus Connor McDavid in neutral zone.
1:15 of 2nd period - Shot by Michael Del Zotto.
1:15 of 2nd period - Stopped by Steve Mason without a rebound.
1:16 of 2nd period - Connor McDavid wins face-off versus Alexander Killorn in Flyers zone.
1:32 of 2nd period - Icing by Andrew MacDonald.
1:33 of 2nd period - Brandon Pirri wins face-off versus Bo Horvat in Flyers zone.
2:02 of 2nd period - Shot by Thomas Vanek.
2:02 of 2nd period - Shot Misses the Net.
2:04 of 2nd period - Shot by Andrew MacDonald.
2:04 of 2nd period - Shot Misses the Net.
2:23 of 2nd period - Joel Ward is hit by Matt Niskanen and loses puck.
2:32 of 2nd period - Shot by Joel Ward.
2:32 of 2nd period - Goal by Joel Ward - Flyers : 1 - Rangers : 0.
2:33 of 2nd period - Connor McDavid wins face-off versus Casey Cizikas in neutral zone.
2:38 of 2nd period - Shot by Conor Sheary.
2:38 of 2nd period - Shot Blocked by Troy Stecher.
3:24 of 2nd period - Shot by Phillip Danault.
3:24 of 2nd period - Shot Misses the Net.
3:26 of 2nd period - Shot by Ondrej Palat.
3:26 of 2nd period - Stopped by Steve Mason without a rebound.
3:27 of 2nd period - Nick Bonino wins face-off versus Alexander Killorn in Flyers zone.
3:30 of 2nd period - Shot by Cedric Paquette.
3:30 of 2nd period - Shot Misses the Net.
3:56 of 2nd period - Shot by Andre Burakovsky.
3:56 of 2nd period - Stopped by Brian Elliott without a rebound.
3:57 of 2nd period - Phillip Danault wins face-off versus Bo Horvat in Rangers zone.
4:06 of 2nd period - Off-side.
4:07 of 2nd period - Riley Sheahan wins face-off versus Brandon Pirri in neutral zone.
4:10 of 2nd period - Shot by Kyle Brodziak.
4:10 of 2nd period - Shot Misses the Net.
4:18 of 2nd period - Andrew MacDonald is hit by Brandon Pirri and loses puck.
4:19 of 2nd period - Minor Penalty to Brandon Pirri for High sticking.
4:20 of 2nd period - Bo Horvat wins face-off versus Nick Bonino in Rangers zone.
4:39 of 2nd period - Matt Niskanen is hit by Scott Hartnell.
5:53 of 2nd period - Alexei Emelin is hit by Andre Burakovsky and loses puck.
6:19 of 2nd period - Shot by Joel Ward.
6:19 of 2nd period - Stopped by Brian Elliott without a rebound.
6:20 of 2nd period - Riley Sheahan wins face-off versus Brandon Pirri in Rangers zone.
6:31 of 2nd period - Shot by Benoit Pouliot.
6:31 of 2nd period - Stopped by Steve Mason with a rebound.
6:37 of 2nd period - Shot by Brandon Pirri.
6:37 of 2nd period - Shot Misses the Net.
6:42 of 2nd period - Icing by Kyle Brodziak.
6:43 of 2nd period - Riley Sheahan wins face-off versus Connor McDavid in Flyers zone.
6:51 of 2nd period - Damon Severson is hit by Alexei Emelin and loses puck.
7:17 of 2nd period - Minor Penalty to Scott Hartnell for Slashing.
7:18 of 2nd period - Phillip Danault wins face-off versus Kyle Brodziak in Flyers zone.
7:25 of 2nd period - Shot by Michael Del Zotto.
7:25 of 2nd period - Stopped by Steve Mason without a rebound.
7:26 of 2nd period - Phillip Danault wins face-off versus Kyle Brodziak in Flyers zone.
7:56 of 2nd period - Shot by Oliver Ekman-Larsson.
7:56 of 2nd period - Stopped by Steve Mason without a rebound.
7:57 of 2nd period - Connor McDavid wins face-off versus Alexander Killorn in Flyers zone.
9:00 of 2nd period - Shot by Joel Ward.
9:00 of 2nd period - Shot Misses the Net.
9:07 of 2nd period - Icing by James Neal.
9:08 of 2nd period - Phillip Danault wins face-off versus Kyle Brodziak in Rangers zone.
10:08 of 2nd period - Damon Severson is hit by Michael Del Zotto and loses puck.
10:15 of 2nd period - Shot by Kyle Brodziak.
10:15 of 2nd period - Stopped by Brian Elliott without a rebound.
10:16 of 2nd period - Alexander Killorn wins face-off versus Connor McDavid in Rangers zone.
10:30 of 2nd period - Andre Burakovsky is hit by Matt Niskanen and loses puck.
10:51 of 2nd period - Shot by Conor Sheary.
10:51 of 2nd period - Stopped by Steve Mason without a rebound.
10:52 of 2nd period - Phillip Danault wins face-off versus Casey Cizikas in Flyers zone.
10:54 of 2nd period - Ondrej Palat is hit by Damon Severson and loses puck.
11:01 of 2nd period - Alexei Emelin is hit by Shawn Matthias and loses puck.
11:14 of 2nd period - Shot by Casey Cizikas.
11:14 of 2nd period - Stopped by Brian Elliott with a rebound.
11:16 of 2nd period - Shot by Andrew MacDonald.
11:16 of 2nd period - Deflect By Shawn Matthias.
11:16 of 2nd period - Stopped by Brian Elliott without a rebound.
11:17 of 2nd period - Nick Bonino wins face-off versus Bo Horvat in Rangers zone.
11:29 of 2nd period - Shot by Bo Horvat.
11:29 of 2nd period - Deflect By Scott Hartnell.
11:29 of 2nd period - Shot Misses the Net.
11:35 of 2nd period - Shot by Thomas Vanek.
11:35 of 2nd period - Stopped by Brian Elliott without a rebound.
11:36 of 2nd period - Connor McDavid wins face-off versus Alexander Killorn in Rangers zone.
11:43 of 2nd period - Connor McDavid is hit by Alexander Killorn and loses puck.
12:21 of 2nd period - Icing by Andre Burakovsky.
12:22 of 2nd period - James Neal wins face-off versus Alexander Killorn in Flyers zone.
13:18 of 2nd period - Shot by Scott Hartnell.
13:18 of 2nd period - Stopped by Brian Elliott without a rebound.
13:19 of 2nd period - Brandon Pirri wins face-off versus Casey Cizikas in Rangers zone.
13:19 of 2nd period - Brandon Pirri is hit by Shawn Matthias.
13:49 of 2nd period - Icing by Troy Stecher.
13:50 of 2nd period - Casey Cizikas wins face-off versus Connor McDavid in Flyers zone.
14:00 of 2nd period - Icing by Troy Stecher.
14:01 of 2nd period - Casey Cizikas wins face-off versus Nick Bonino in Flyers zone.
15:03 of 2nd period - Connor McDavid is hit by Scott Hartnell and loses puck.
15:40 of 2nd period - Shot by Riley Sheahan.
15:40 of 2nd period - Stopped by Brian Elliott without a rebound.
15:41 of 2nd period - Alexander Killorn wins face-off versus Phillip Danault in Rangers zone.
15:50 of 2nd period - Shot by Alexander Killorn.
15:50 of 2nd period - Stopped by Brian Elliott without a rebound.
15:51 of 2nd period - Alexander Killorn wins face-off versus Brandon Pirri in Rangers zone.
16:04 of 2nd period - Craig Smith is hit by Andre Burakovsky and loses puck.
16:15 of 2nd period - Shot by Alexander Killorn.
16:15 of 2nd period - Deflect By Andre Burakovsky.
16:15 of 2nd period - Stopped by Brian Elliott without a rebound.
16:16 of 2nd period - Bo Horvat wins face-off versus Phillip Danault in Rangers zone.
17:23 of 2nd period - Shot by Conor Sheary.
17:23 of 2nd period - Goal by Conor Sheary - Flyers : 1 - Rangers : 1.
17:24 of 2nd period - Nick Bonino wins face-off versus Alexander Killorn in neutral zone.
18:37 of 2nd period - Shot by Alex Goligoski.
18:37 of 2nd period - Deflect By Craig Smith.
18:37 of 2nd period - Stopped by Steve Mason without a rebound.
18:38 of 2nd period - Riley Sheahan wins face-off versus Connor McDavid in Flyers zone.
18:38 of 2nd period - Riley Sheahan is hit by Conor Sheary.
19:00 of 2nd period - Shot by Ryan White.
19:00 of 2nd period - Stopped by Brian Elliott with a rebound.
19:46 of 2nd period - Shot by Ondrej Palat.
19:46 of 2nd period - Shot Misses the Net.
19:50 of 2nd period - Shot by James Neal.
19:50 of 2nd period - Shot Misses the Net.
19:52 of 2nd period - Shot by Oliver Ekman-Larsson.
19:52 of 2nd period - Shot Misses the Net.
Goals for this period are 1 for Flyers vs 1 for Rangers.
Shots for this period are 12 for Flyers vs 8 for Rangers.

3rd period


0:01 of 3rd period - Bo Horvat wins face-off versus Connor McDavid in neutral zone.
0:04 of 3rd period - Conor Sheary is hit by Bo Horvat.
0:08 of 3rd period - Shot by Connor McDavid.
0:08 of 3rd period - Shot Misses the Net.
0:10 of 3rd period - Shot by Connor McDavid.
0:10 of 3rd period - Shot Misses the Net.
0:29 of 3rd period - Shot by Conor Sheary.
0:29 of 3rd period - Shot Blocked by Ryan Ellis.
1:27 of 3rd period - Ben Hutton is hit by Oliver Ekman-Larsson and loses puck.
1:58 of 3rd period - Jamie McGinn is hit by Casey Cizikas and loses puck.
2:04 of 3rd period - Alexei Emelin is hit by Casey Cizikas and loses puck.
2:29 of 3rd period - Shot by Benoit Pouliot.
2:29 of 3rd period - Shot Blocked by Andrew MacDonald.
2:31 of 3rd period - Shot by Benoit Pouliot.
2:31 of 3rd period - Deflect By Brandon Pirri.
2:31 of 3rd period - Shot Misses the Net.
2:33 of 3rd period - Shot by Craig Smith.
2:33 of 3rd period - Goal by Craig Smith - Flyers : 1 - Rangers : 2.
2:34 of 3rd period - Brandon Pirri wins face-off versus Riley Sheahan in neutral zone.
2:36 of 3rd period - Michael Del Zotto is hit by Jonathan Ericsson and loses puck.
2:51 of 3rd period - Shot by Ryan Ellis.
2:51 of 3rd period - Shot Misses the Net.
2:53 of 3rd period - Shot by Riley Sheahan.
2:53 of 3rd period - Shot Misses the Net.
3:33 of 3rd period - Shot by Thomas Vanek.
3:33 of 3rd period - Stopped by Brian Elliott without a rebound.
3:34 of 3rd period - Connor McDavid wins face-off versus Casey Cizikas in Rangers zone.
4:14 of 3rd period - Shot by Thomas Vanek.
4:14 of 3rd period - Deflect By Bo Horvat.
4:14 of 3rd period - Stopped by Brian Elliott without a rebound.
4:15 of 3rd period - Phillip Danault wins face-off versus Alexander Killorn in Rangers zone.
6:31 of 3rd period - Craig Smith is hit by Casey Cizikas and loses puck.
6:42 of 3rd period - Shot by Shawn Matthias.
6:42 of 3rd period - Shot Misses the Net.
7:14 of 3rd period - Shot by Ryan Ellis.
7:14 of 3rd period - Shot Misses the Net.
7:17 of 3rd period - Minor Penalty to Ryan White for Elbowing.
7:18 of 3rd period - Kyle Brodziak wins face-off versus Phillip Danault in Flyers zone.
7:48 of 3rd period - Michael Del Zotto is hit by Joel Ward and loses puck.
9:19 of 3rd period - Troy Stecher is hit by Nick Bonino and loses puck.
9:28 of 3rd period - Shot by Jamie McGinn.
9:28 of 3rd period - Shot Misses the Net.
9:30 of 3rd period - Shot by Cedric Paquette.
9:30 of 3rd period - Stopped by Steve Mason with a rebound.
9:32 of 3rd period - Shot by Cedric Paquette.
9:32 of 3rd period - Stopped by Steve Mason without a rebound.
9:33 of 3rd period - Brandon Pirri wins face-off versus Casey Cizikas in Flyers zone.
9:42 of 3rd period - Shot by Craig Smith.
9:42 of 3rd period - Shot Misses the Net.
9:44 of 3rd period - Shot by Matt Niskanen.
9:44 of 3rd period - Stopped by Steve Mason without a rebound.
9:45 of 3rd period - Bo Horvat wins face-off versus Cedric Paquette in Flyers zone.
11:19 of 3rd period - Shot by Joel Ward.
11:19 of 3rd period - Stopped by Brian Elliott without a rebound.
11:20 of 3rd period - Phillip Danault wins face-off versus Casey Cizikas in Rangers zone.
12:31 of 3rd period - Shot by Craig Smith.
12:31 of 3rd period - Shot Misses the Net.
12:47 of 3rd period - Icing by Matt Niskanen.
12:48 of 3rd period - Brandon Pirri wins face-off versus Alexander Killorn in Rangers zone.
13:49 of 3rd period - Shot by Jamie McGinn.
13:49 of 3rd period - Shot Misses the Net.
14:30 of 3rd period - Icing by Ryan Ellis.
14:31 of 3rd period - Phillip Danault wins face-off versus Casey Cizikas in Flyers zone.
15:19 of 3rd period - Bo Horvat is hit by Alexei Emelin and loses puck.
16:05 of 3rd period - Shot by Connor McDavid.
16:05 of 3rd period - Stopped by Steve Mason without a rebound.
16:06 of 3rd period - Nick Bonino wins face-off versus Casey Cizikas in Flyers zone.
16:49 of 3rd period - Andrew MacDonald is hit by Nick Bonino and loses puck.
16:56 of 3rd period - Shot by Ryan White.
16:56 of 3rd period - Shot Blocked by Matt Niskanen.
16:58 of 3rd period - Shot by Andrew MacDonald.
16:58 of 3rd period - Goal by Andrew MacDonald - Flyers : 2 - Rangers : 2.
16:59 of 3rd period - Connor McDavid wins face-off versus Bo Horvat in neutral zone.
17:20 of 3rd period - Shot by Scott Hartnell.
17:20 of 3rd period - Deflect By Thomas Vanek.
17:20 of 3rd period - Stopped by Brian Elliott without a rebound.
17:21 of 3rd period - Brandon Pirri wins face-off versus Alexander Killorn in Rangers zone.
18:08 of 3rd period - Shot by Thomas Vanek.
18:08 of 3rd period - Shot Misses the Net.
18:18 of 3rd period - Shot by Scott Hartnell.
18:18 of 3rd period - Shot Misses the Net.
18:20 of 3rd period - Shot by Ryan Ellis.
18:20 of 3rd period - Deflect By Thomas Vanek.
18:20 of 3rd period - Shot Misses the Net.
18:22 of 3rd period - Shot by Thomas Vanek.
18:22 of 3rd period - Goal by Thomas Vanek - Flyers : 3 - Rangers : 2.
18:23 of 3rd period - Phillip Danault wins face-off versus Casey Cizikas in neutral zone.
18:27 of 3rd period - Minor Penalty to Ben Hutton for Roughing.
18:28 of 3rd period - Kyle Brodziak wins face-off versus Phillip Danault in Flyers zone.
18:28 of 3rd period - Kyle Brodziak is hit by James Neal.
18:46 of 3rd period - Rangers, Brian Elliott is pulled from the net.
19:00 of 3rd period - Shot by James Neal.
19:00 of 3rd period - Goal by James Neal - Flyers : 3 - Rangers : 3.
19:00 of 3rd period - Brian Elliott from Rangers was sent back in the game.
19:01 of 3rd period - Bo Horvat wins face-off versus Connor McDavid in neutral zone.
19:31 of 3rd period - Shot by Bo Horvat.
19:31 of 3rd period - Stopped by Brian Elliott without a rebound.
19:32 of 3rd period - Nick Bonino wins face-off versus Alexander Killorn in Rangers zone.
19:40 of 3rd period - Alex Goligoski is hit by Jonathan Ericsson and loses puck.
Goals for this period are 2 for Flyers vs 2 for Rangers.
Shots for this period are 7 for Flyers vs 6 for Rangers.

Overtime #1


0:01 of 1st overtime period - Bo Horvat wins face-off versus Connor McDavid in neutral zone.
0:23 of 1st overtime period - Off-side.
0:24 of 1st overtime period - Phillip Danault wins face-off versus Bo Horvat in neutral zone.
0:38 of 1st overtime period - Icing by Matt Niskanen.
0:39 of 1st overtime period - Phillip Danault wins face-off versus Thomas Vanek in Rangers zone.
1:06 of 1st overtime period - Shot by Connor McDavid.
1:06 of 1st overtime period - Deflect By Phillip Danault.
1:06 of 1st overtime period - Shot Misses the Net.
2:44 of 1st overtime period - Shot by Bo Horvat.
2:44 of 1st overtime period - Shot Hit the Post.
3:18 of 1st overtime period - Shot by Connor McDavid.
3:18 of 1st overtime period - Shot Misses the Net.
3:20 of 1st overtime period - Shot by Phillip Danault.
3:20 of 1st overtime period - Shot Misses the Net.
3:27 of 1st overtime period - Icing by Joel Ward.
3:28 of 1st overtime period - Joel Ward wins face-off versus Connor McDavid in Flyers zone.
3:54 of 1st overtime period - Shot by Michael Del Zotto.
3:54 of 1st overtime period - Shot Misses the Net.
3:56 of 1st overtime period - Shot by Connor McDavid.
3:56 of 1st overtime period - Stopped by Steve Mason without a rebound.
3:57 of 1st overtime period - Phillip Danault wins face-off versus Bo Horvat in Flyers zone.
4:45 of 1st overtime period - Icing by Matt Niskanen.
4:46 of 1st overtime period - Calle Jarnkrok wins face-off versus Connor McDavid in Rangers zone.
Goals for this period are 0 for Flyers vs 0 for Rangers.
Shots for this period are 0 for Flyers vs 1 for Rangers.

ShootOut


5:00 of 1st overtime period - Penalty Shot by Bo Horvat for Flyers.
5:00 of 1st overtime period - Stopped by Brian Elliott.
5:00 of 1st overtime period - Penalty Shot by Anthony Mantha for Rangers.
5:00 of 1st overtime period - Goal by Anthony Mantha.
5:00 of 1st overtime period - Penalty Shot by Thomas Vanek for Flyers.
5:00 of 1st overtime period - Stopped by Brian Elliott.
5:00 of 1st overtime period - Penalty Shot by Phillip Danault for Rangers.
5:00 of 1st overtime period - Shot Misses the Net.
5:00 of 1st overtime period - Penalty Shot by Scott Hartnell for Flyers.
5:00 of 1st overtime period - Stopped by Brian Elliott.